[ AOE2 MATCH · #466554971 ]
Team RMSicilians vs Persians
[ REPLAY ANALYSIS · EXTRACTED FROM THE RECORDED GAME ]
Feudal
15:40
Castle
33:43
Imperial
52:36
| APM avg | 14.9 |
| APM peak | 43 |
| eAPM avg | 11.6 |
| Villagers / military | 102 / 326 |
Focus
⚔️ 52.7% · 🌾 47.3%
Serjeant ×155 · Spearman ×58 · Archer ×57 · Scorpion ×24 · Trade Cart ×19 · Skirmisher ×14
Feudal
10:51
Castle
23:13
Imperial
32:13
| APM avg | 13.4 |
| APM peak | 41 |
| eAPM avg | 8.5 |
| Villagers / military | 43 / 264 |
Focus
⚔️ 62.3% · 🌾 37.7%
Spearman ×111 · Militia ×103 · Mangonel ×24 · Scorpion ×23 · Trade Cart ×11 · Battering Ram ×3
Feudal
12:26
Castle
20:08
Imperial
34:22
| APM avg | 22.2 |
| APM peak | 79 |
| eAPM avg | 12.1 |
| Villagers / military | 151 / 132 |
Focus
⚔️ 32.6% · 🌾 67.4%
Mameluke ×110 · Trade Cart ×10 · Knight ×6 · Mangonel ×6 · Monk ×5 · Bombard Cannon ×5
Feudal
12:20
Castle
24:40
Imperial
42:12
| APM avg | 14.3 |
| APM peak | 82 |
| eAPM avg | 12.2 |
| Villagers / military | 130 / 220 |
Focus
⚔️ 35.2% · 🌾 64.8%
Knight ×151 · War Elephant ×48 · Trebuchet (Packed) ×8 · Mangonel ×6 · Trade Cart ×6 · Bombard Cannon ×6
Feudal
15:36
Castle
23:53
Imperial
38:52
| APM avg | 19.1 |
| APM peak | 80 |
| eAPM avg | 11.8 |
| Villagers / military | 121 / 174 |
Focus
⚔️ 42.4% · 🌾 57.6%
Spearman ×88 · Knight ×62 · Trebuchet (Packed) ×8 · Scout Cavalry ×7 · Throwing Axeman ×6 · Trade Cart ×4
Feudal
13:52
Castle
27:48
Imperial
39:12
| APM avg | 12.3 |
| APM peak | 35 |
| eAPM avg | 10.3 |
| Villagers / military | 142 / 358 |
Focus
⚔️ 31.7% · 🌾 68.3%
Spearman ×282 · Knight ×45 · Trade Cart ×26 · Bombard Cannon ×21 · Trebuchet (Packed) ×8 · Monk ×2
Feudal
10:21
Castle
20:35
Imperial
43:13
| APM avg | 22.3 |
| APM peak | 87 |
| eAPM avg | 14.8 |
| Villagers / military | 130 / 299 |
Focus
⚔️ 49.4% · 🌾 50.6%
Conquistador ×200 · Scout Cavalry ×77 · Trade Cart ×29 · Trebuchet (Packed) ×16 · Spearman ×6
Feudal
13:28
Castle
27:58
Imperial
41:22
| APM avg | 13.3 |
| APM peak | 53 |
| eAPM avg | 10.3 |
| Villagers / military | 77 / 389 |
Focus
⚔️ 51.2% · 🌾 48.8%
Skirmisher ×189 · Eagle Scout ×126 · Jaguar Warrior ×35 · Scorpion ×31 · Militia ×6 · Spearman ×2
Match map
Initial resources + every placement click. Lines = walls · curves = elevation contours. ◆ gold · ⬟ stone · ● berries · ✦ relic · ◌ wall gap
Inputs per minute
— Tatycomendo - - Neoikana
Build order — Tatycomendo
First 150 of 645 actions detected
| 0:16 | Build | House |
| 0:18 | Build | House |
| 0:19 | Create | Villager (Male) |
| 0:19 | Create | Villager (Male) |
| 0:19 | Create | Villager (Male) |
| 0:19 | Create | Villager (Male) |
| 0:19 | Create | Villager (Male) |
| 0:20 | Create | Villager (Male) |
| 1:22 | Research | Loom |
| 1:32 | Create | Villager (Male) |
| 1:32 | Create | Villager (Male) |
| 3:00 | Create | Villager (Male) |
| 3:01 | Create | Villager (Male) |
| 3:01 | Create | Villager (Male) |
| 3:02 | Create | Villager (Male) |
| 3:02 | Create | Villager (Male) |
| 3:54 | Create | Villager (Male) |
| 3:54 | Create | Villager (Male) |
| 3:55 | Create | Villager (Male) |
| 4:20 | Build | House |
| 4:22 | Build | House |
| 4:24 | Build | House |
| 4:28 | Build | House |
| 4:56 | Create | Villager (Male) |
| 4:57 | Create | Villager (Male) |
| 4:57 | Create | Villager (Male) |
| 5:38 | Build | House |
| 5:40 | Build | House |
| 5:44 | Build | House |
| 5:47 | Build | House |
| 5:53 | Create | Villager (Male) |
| 5:53 | Create | Villager (Male) |
| 6:10 | Build | Mill |
| 6:22 | Create | Villager (Male) |
| 6:22 | Create | Villager (Male) |
| 6:23 | Create | Villager (Male) |
| 6:23 | Create | Villager (Male) |
| 6:51 | Create | Villager (Male) |
| 6:51 | Create | Villager (Male) |
| 6:51 | Create | Villager (Male) |
| 7:25 | Build | Lumber Camp |
| 7:56 | Build | Mill |
| 8:46 | Build | House |
| 8:59 | Create | Villager (Male) |
| 8:59 | Create | Villager (Male) |
| 9:00 | Create | Villager (Male) |
| 9:00 | Create | Villager (Male) |
| 9:15 | Build | Donjon |
| 9:44 | Build | House |
| 9:49 | Build | House |
| 9:52 | Build | House |
| 9:55 | Build | House |
| 9:56 | Build | House |
| 10:12 | Create | Villager (Male) |
| 10:12 | Create | Villager (Male) |
| 10:12 | Create | Villager (Male) |
| 10:12 | Create | Villager (Male) |
| 10:12 | Create | Villager (Male) |
| 10:13 | Create | Villager (Male) |
| 11:33 | Build | Mill |
| 12:26 | Create | Villager (Male) |
| 12:26 | Create | Villager (Male) |
| 13:06 | Build | Barracks |
| 13:30 | Research | Feudal Age |
| 14:00 | Build | Barracks |
| 14:02 | Build | Barracks |
| 14:03 | Build | Barracks |
| 14:20 | Build | Mill |
| 15:40 | Age | Feudal Age |
| 15:52 | Create | Villager (Male) |
| 15:52 | Create | Villager (Male) |
| 15:52 | Create | Villager (Male) |
| 15:52 | Create | Villager (Male) |
| 15:53 | Create | Villager (Male) |
| 15:53 | Create | Villager (Male) |
| 15:53 | Create | Villager (Male) |
| 15:54 | Create | Villager (Male) |
| 15:54 | Create | Villager (Male) |
| 15:55 | Create | Villager (Male) |
| 15:55 | Create | Villager (Male) |
| 16:28 | Build | Mining Camp |
| 17:09 | Build | Stone Wall |
| 17:17 | Build | Building 673 |
| 17:36 | Research | Double-Bit Axe |
| 17:48 | Build | Farm |
| 17:53 | Build | Farm |
| 18:11 | Research | Horse Collar |
| 18:33 | Build | Farm |
| 18:43 | Build | Farm |
| 18:51 | Build | Farm |
| 19:01 | Build | Farm |
| 19:07 | Build | Farm |
| 19:12 | Build | Farm |
| 19:18 | Build | Farm |
| 19:24 | Build | Farm |
| 19:31 | Build | Farm |
| 19:37 | Build | Farm |
| 19:45 | Build | Farm |
| 19:53 | Build | Farm |
| 19:59 | Build | Farm |
| 20:05 | Build | Farm |
| 20:06 | Create | Villager (Male) |
| 20:07 | Create | Villager (Male) |
| 20:07 | Create | Villager (Male) |
| 20:07 | Create | Villager (Male) |
| 20:08 | Create | Villager (Male) |
| 20:30 | Create | Villager (Male) |
| 20:32 | Create | Villager (Male) |
| 20:45 | Build | Market |
| 21:13 | Build | Farm |
| 21:26 | Build | Mining Camp |
| 22:00 | Build | Stone Wall |
| 22:11 | Research | Man-at-Arms (upgrade) |
| 22:17 | Create | Serjeant |
| 22:18 | Create | Serjeant |
| 22:18 | Create | Serjeant |
| 22:18 | Create | Serjeant |
| 22:18 | Create | Serjeant |
| 22:19 | Create | Serjeant |
| 22:24 | Create | Militia |
| 22:24 | Create | Militia |
| 22:24 | Create | Militia |
| 22:54 | Create | Militia |
| 22:54 | Create | Militia |
| 22:54 | Create | Militia |
| 22:56 | Create | Militia |
| 22:56 | Create | Militia |
| 23:19 | Create | Militia |
| 23:19 | Create | Militia |
| 23:19 | Create | Militia |
| 23:20 | Create | Militia |
| 25:05 | Create | Serjeant |
| 25:05 | Create | Serjeant |
| 25:06 | Create | Serjeant |
| 25:06 | Create | Serjeant |
| 25:07 | Create | Serjeant |
| 25:28 | Build | Donjon |
| 25:34 | Build | Archery Range |
| 25:35 | Build | Archery Range |
| 25:40 | Create | Villager (Male) |
| 25:40 | Create | Villager (Male) |
| 25:41 | Create | Villager (Male) |
| 25:43 | Create | Villager (Male) |
| 25:51 | Build | Lumber Camp |
| 26:33 | Create | Serjeant |
| 26:33 | Create | Serjeant |
| 26:33 | Create | Serjeant |
| 26:34 | Create | Serjeant |
| 26:38 | Build | Donjon |
| 27:34 | Build | Stone Wall |
Build order — Neoikana
First 150 of 421 actions detected
| 0:02 | Create | Villager (Male) |
| 0:03 | Create | Villager (Male) |
| 0:03 | Create | Villager (Male) |
| 0:03 | Create | Villager (Male) |
| 0:03 | Create | Villager (Male) |
| 0:05 | Build | House |
| 0:06 | Build | House |
| 0:07 | Build | House |
| 1:57 | Create | Villager (Male) |
| 1:57 | Create | Villager (Male) |
| 2:33 | Create | Villager (Male) |
| 2:33 | Create | Villager (Male) |
| 3:18 | Create | Villager (Male) |
| 3:18 | Create | Villager (Male) |
| 3:58 | Create | Villager (Male) |
| 4:14 | Research | Loom |
| 4:15 | Create | Villager (Male) |
| 5:06 | Create | Villager (Male) |
| 5:06 | Create | Villager (Male) |
| 5:49 | Create | Villager (Male) |
| 6:18 | Build | Lumber Camp |
| 6:34 | Create | Villager (Male) |
| 7:19 | Build | Mill |
| 7:24 | Create | Villager (Male) |
| 7:53 | Build | House |
| 7:56 | Build | House |
| 8:09 | Build | Mining Camp |
| 8:41 | Research | Feudal Age |
| 9:01 | Build | Barracks |
| 10:28 | Build | Barracks |
| 10:33 | Create | Militia |
| 10:33 | Create | Militia |
| 10:33 | Create | Militia |
| 10:34 | Create | Militia |
| 10:51 | Age | Feudal Age |
| 10:52 | Research | Horse Collar |
| 11:19 | Research | Double-Bit Axe |
| 11:29 | Build | Farm |
| 11:53 | Create | Villager (Male) |
| 12:21 | Build | Farm |
| 12:23 | Create | Villager (Male) |
| 12:23 | Create | Villager (Male) |
| 12:42 | Create | Villager (Male) |
| 12:51 | Build | Farm |
| 13:06 | Build | Farm |
| 13:15 | Build | Farm |
| 13:21 | Create | Villager (Male) |
| 13:49 | Build | Farm |
| 14:04 | Create | Villager (Male) |
| 14:04 | Create | Villager (Male) |
| 14:32 | Build | Farm |
| 14:38 | Research | Man-at-Arms (upgrade) |
| 14:58 | Build | Farm |
| 15:14 | Create | Villager (Male) |
| 15:17 | Create | Villager (Male) |
| 15:17 | Create | Villager (Male) |
| 16:05 | Build | Farm |
| 16:08 | Build | Farm |
| 16:12 | Build | Farm |
| 16:15 | Build | Farm |
| 16:30 | Create | Militia |
| 16:30 | Create | Militia |
| 16:30 | Create | Militia |
| 16:32 | Create | Militia |
| 16:38 | Create | Militia |
| 16:38 | Create | Militia |
| 16:45 | Create | Villager (Male) |
| 17:03 | Create | Villager (Male) |
| 17:24 | Create | Villager (Male) |
| 17:24 | Create | Villager (Male) |
| 17:26 | Create | Villager (Male) |
| 17:40 | Build | Farm |
| 18:06 | Build | House |
| 18:06 | Build | House |
| 18:11 | Research | Wheelbarrow |
| 18:36 | Build | Blacksmith |
| 18:47 | Build | Stable |
| 19:11 | Build | Farm |
| 19:48 | Build | Farm |
| 20:33 | Research | Castle Age |
| 21:33 | Research | Scale Mail Armor |
| 21:34 | Research | Forging |
| 23:13 | Age | Castle Age |
| 23:14 | Research | Long Swordsman (upgrade) |
| 23:16 | Research | Squires |
| 23:20 | Research | Iron Casting |
| 24:50 | Research | Hand Cart |
| 24:53 | Create | Militia |
| 24:53 | Create | Militia |
| 24:53 | Create | Militia |
| 24:53 | Create | Militia |
| 24:54 | Create | Militia |
| 24:54 | Create | Militia |
| 24:54 | Create | Militia |
| 24:55 | Create | Militia |
| 26:08 | Create | Villager (Male) |
| 26:08 | Create | Villager (Male) |
| 26:08 | Create | Villager (Male) |
| 26:08 | Create | Villager (Male) |
| 26:09 | Create | Villager (Male) |
| 26:10 | Create | Villager (Male) |
| 26:13 | Create | Villager (Male) |
| 26:18 | Build | Mining Camp |
| 27:57 | Build | Siege Workshop |
| 28:08 | Build | Monastery |
| 28:23 | Research | Pikeman (upgrade) |
| 28:26 | Create | Spearman |
| 28:26 | Create | Spearman |
| 28:26 | Create | Spearman |
| 28:27 | Create | Spearman |
| 28:29 | Create | Spearman |
| 28:31 | Create | Spearman |
| 28:53 | Build | Lumber Camp |
| 28:58 | Research | Imperial Age |
| 29:19 | Create | Unit 1105 |
| 29:24 | Create | Militia |
| 29:24 | Create | Militia |
| 29:25 | Create | Militia |
| 29:25 | Create | Militia |
| 30:17 | Create | Spearman |
| 30:18 | Create | Spearman |
| 30:18 | Create | Spearman |
| 30:18 | Create | Spearman |
| 30:59 | Create | Spearman |
| 30:59 | Create | Spearman |
| 30:59 | Create | Spearman |
| 32:13 | Age | Imperial Age |
| 33:18 | Build | Farm |
| 33:23 | Research | Two-Handed Swordsman (upgrade) |
| 33:33 | Build | Castle |
| 33:46 | Create | Militia |
| 33:46 | Create | Militia |
| 33:47 | Create | Militia |
| 33:47 | Create | Militia |
| 33:47 | Create | Militia |
| 33:51 | Research | Capped Ram (upgrade) |
| 33:52 | Create | Battering Ram |
| 33:53 | Create | Battering Ram |
| 33:54 | Create | Battering Ram |
| 34:16 | Build | House |
| 34:17 | Build | House |
| 34:18 | Build | House |
| 34:21 | Build | House |
| 34:23 | Build | House |
| 34:40 | Research | Town Watch |
| 34:57 | Build | Farm |
| 35:07 | Research | Heavy Plow |
| 35:54 | Research | Druzhina |
| 36:04 | Create | Militia |
| 36:04 | Create | Militia |
Build order — Hollowchair
First 150 of 482 actions detected
| 0:01 | Create | Villager (Male) |
| 0:01 | Create | Villager (Male) |
| 0:03 | Build | House |
| 0:05 | Build | House |
| 0:09 | Create | Villager (Male) |
| 0:09 | Create | Villager (Male) |
| 1:42 | Create | Villager (Male) |
| 1:45 | Build | Lumber Camp |
| 2:03 | Create | Villager (Male) |
| 2:22 | Create | Villager (Male) |
| 2:52 | Create | Villager (Male) |
| 3:02 | Research | Loom |
| 3:18 | Create | Villager (Male) |
| 3:49 | Build | House |
| 4:03 | Create | Villager (Male) |
| 4:19 | Build | House |
| 4:42 | Create | Villager (Male) |
| 4:48 | Create | Villager (Male) |
| 4:55 | Build | House |
| 5:34 | Build | Mill |
| 5:37 | Build | House |
| 5:41 | Create | Villager (Male) |
| 5:41 | Create | Villager (Male) |
| 6:07 | Create | Villager (Male) |
| 6:07 | Create | Villager (Male) |
| 6:23 | Create | Villager (Male) |
| 6:35 | Create | Villager (Male) |
| 7:11 | Build | House |
| 7:45 | Create | Villager (Male) |
| 7:50 | Build | Building 796 |
| 7:54 | Create | Villager (Male) |
| 7:54 | Create | Villager (Male) |
| 8:19 | Create | Villager (Male) |
| 8:29 | Build | House |
| 8:30 | Build | House |
| 8:31 | Create | Villager (Male) |
| 8:47 | Build | Lumber Camp |
| 8:51 | Create | Villager (Male) |
| 8:51 | Create | Villager (Male) |
| 9:35 | Build | House |
| 9:37 | Build | House |
| 10:02 | Research | Feudal Age |
| 10:41 | Build | House |
| 10:44 | Build | House |
| 10:45 | Create | Villager (Male) |
| 11:41 | Build | House |
| 11:45 | Build | Building 796 |
| 12:01 | Build | Lumber Camp |
| 12:26 | Age | Feudal Age |
| 12:29 | Research | Horse Collar |
| 12:32 | Research | Double-Bit Axe |
| 12:33 | Research | Wheelbarrow |
| 12:48 | Build | Blacksmith |
| 13:06 | Build | Market |
| 13:31 | Build | House |
| 13:32 | Build | House |
| 14:01 | Build | Farm |
| 14:04 | Build | Farm |
| 14:07 | Build | Farm |
| 14:09 | Build | Farm |
| 14:16 | Build | Farm |
| 14:20 | Build | Farm |
| 14:23 | Build | Farm |
| 14:29 | Create | Villager (Male) |
| 14:30 | Create | Villager (Male) |
| 14:31 | Create | Villager (Male) |
| 14:37 | Build | Farm |
| 14:56 | Build | House |
| 14:59 | Build | Farm |
| 15:27 | Build | Farm |
| 15:29 | Create | Villager (Male) |
| 15:45 | Create | Villager (Male) |
| 15:48 | Build | Farm |
| 16:25 | Build | Farm |
| 16:37 | Build | House |
| 16:38 | Create | Villager (Male) |
| 17:01 | Create | Villager (Male) |
| 17:28 | Research | Castle Age |
| 17:40 | Build | House |
| 17:43 | Build | House |
| 18:43 | Build | House |
| 19:54 | Build | House |
| 20:08 | Age | Castle Age |
| 20:09 | Research | Bow Saw |
| 20:11 | Research | Heavy Plow |
| 20:16 | Create | Villager (Male) |
| 20:16 | Create | Villager (Male) |
| 20:34 | Build | Town Center |
| 20:44 | Build | Town Center |
| 20:52 | Build | Town Center |
| 20:58 | Build | House |
| 20:59 | Create | Villager (Male) |
| 20:59 | Create | Villager (Male) |
| 21:03 | Research | Hand Cart |
| 21:05 | Create | Villager (Male) |
| 21:22 | Create | Villager (Male) |
| 21:33 | Build | House |
| 21:46 | Build | Monastery |
| 22:08 | Build | House |
| 22:09 | Build | House |
| 22:18 | Create | Villager (Male) |
| 22:32 | Create | Monk |
| 22:47 | Create | Villager (Male) |
| 22:55 | Build | Barracks |
| 22:58 | Create | Villager (Male) |
| 23:04 | Build | Mining Camp |
| 23:05 | Create | Villager (Male) |
| 23:15 | Create | Villager (Male) |
| 23:48 | Create | Villager (Male) |
| 23:49 | Create | Villager (Male) |
| 23:49 | Create | Villager (Male) |
| 23:49 | Create | Villager (Male) |
| 23:50 | Create | Villager (Male) |
| 23:50 | Create | Villager (Male) |
| 23:50 | Create | Villager (Male) |
| 23:53 | Build | Farm |
| 24:04 | Build | Stable |
| 24:07 | Create | Villager (Male) |
| 24:11 | Create | Villager (Male) |
| 24:16 | Build | Farm |
| 24:18 | Build | Farm |
| 24:22 | Build | Farm |
| 24:24 | Build | Farm |
| 24:26 | Build | Farm |
| 24:27 | Create | Villager (Male) |
| 24:28 | Create | Villager (Male) |
| 24:28 | Create | Villager (Male) |
| 24:38 | Research | Scale Barding Armor |
| 24:42 | Build | Farm |
| 24:44 | Build | Farm |
| 24:45 | Build | Farm |
| 24:52 | Build | Lumber Camp |
| 24:57 | Build | Lumber Camp |
| 24:59 | Create | Villager (Male) |
| 24:59 | Create | Villager (Male) |
| 24:59 | Create | Villager (Male) |
| 25:08 | Create | Knight |
| 25:23 | Create | Knight |
| 25:28 | Build | Farm |
| 25:30 | Build | Farm |
| 25:31 | Build | Farm |
| 25:33 | Build | Farm |
| 25:35 | Build | Farm |
| 25:39 | Build | House |
| 25:40 | Create | Villager (Male) |
| 25:40 | Create | Villager (Male) |
| 25:42 | Create | Villager (Male) |
| 25:42 | Create | Villager (Male) |
| 25:42 | Create | Villager (Male) |
| 25:46 | Build | Farm |
Build order — robertosminor89
First 150 of 573 actions detected
| 0:51 | Build | House |
| 1:09 | Build | House |
| 1:17 | Create | Villager (Male) |
| 1:18 | Create | Villager (Male) |
| 1:18 | Create | Villager (Male) |
| 1:19 | Create | Villager (Male) |
| 1:19 | Create | Villager (Male) |
| 1:19 | Create | Villager (Male) |
| 1:36 | Build | House |
| 1:39 | Build | House |
| 1:44 | Build | House |
| 1:56 | Create | Villager (Male) |
| 1:56 | Create | Villager (Male) |
| 2:39 | Create | Villager (Male) |
| 3:16 | Create | Villager (Male) |
| 3:16 | Create | Villager (Male) |
| 3:49 | Build | Lumber Camp |
| 3:52 | Create | Villager (Male) |
| 3:52 | Create | Villager (Male) |
| 4:22 | Create | Villager (Male) |
| 4:22 | Create | Villager (Male) |
| 5:12 | Create | Villager (Male) |
| 5:33 | Create | Villager (Male) |
| 5:51 | Create | Villager (Male) |
| 6:08 | Create | Villager (Male) |
| 6:08 | Create | Villager (Male) |
| 6:33 | Build | Mill |
| 7:19 | Build | Mill |
| 7:32 | Create | Villager (Male) |
| 7:45 | Create | Villager (Male) |
| 8:39 | Create | Villager (Male) |
| 8:39 | Create | Villager (Male) |
| 8:39 | Create | Villager (Male) |
| 8:46 | Research | Loom |
| 10:17 | Research | Feudal Age |
| 11:12 | Build | Mill |
| 11:21 | Build | Farm |
| 11:22 | Build | Farm |
| 11:36 | Build | House |
| 11:37 | Build | House |
| 11:38 | Build | House |
| 11:41 | Build | House |
| 11:53 | Build | Mining Camp |
| 11:57 | Build | Farm |
| 12:20 | Age | Feudal Age |
| 12:36 | Research | Horse Collar |
| 12:39 | Research | Double-Bit Axe |
| 12:49 | Research | Wheelbarrow |
| 13:14 | Create | Villager (Male) |
| 13:14 | Create | Villager (Male) |
| 13:15 | Create | Villager (Male) |
| 13:26 | Research | Gold Mining |
| 13:27 | Research | Stone Mining |
| 14:00 | Create | Villager (Male) |
| 14:00 | Create | Villager (Male) |
| 14:23 | Build | House |
| 14:27 | Build | House |
| 14:31 | Build | House |
| 14:32 | Build | House |
| 14:37 | Build | Stone Wall |
| 14:41 | Build | Building 487 |
| 14:57 | Build | Mining Camp |
| 15:06 | Build | Mining Camp |
| 15:19 | Build | Stone Wall |
| 15:25 | Build | Building 673 |
| 15:37 | Create | Villager (Male) |
| 15:37 | Create | Villager (Male) |
| 15:39 | Create | Villager (Male) |
| 15:43 | Build | Farm |
| 15:45 | Build | Farm |
| 15:53 | Build | Farm |
| 16:32 | Build | Farm |
| 16:35 | Build | Farm |
| 16:43 | Create | Villager (Male) |
| 16:43 | Create | Villager (Male) |
| 17:10 | Build | Stone Wall |
| 17:33 | Build | Stone Wall |
| 17:41 | Build | Building 673 |
| 17:47 | Create | Villager (Male) |
| 17:47 | Create | Villager (Male) |
| 17:47 | Create | Villager (Male) |
| 17:56 | Build | Farm |
| 17:58 | Build | Farm |
| 18:00 | Build | Farm |
| 18:02 | Build | Farm |
| 18:03 | Build | Farm |
| 18:05 | Build | Farm |
| 18:06 | Create | Villager (Male) |
| 18:07 | Create | Villager (Male) |
| 18:13 | Create | Villager (Male) |
| 19:15 | Build | Blacksmith |
| 19:59 | Build | Barracks |
| 20:04 | Create | Villager (Male) |
| 20:05 | Create | Villager (Male) |
| 20:25 | Build | Lumber Camp |
| 21:09 | Build | Archery Range |
| 21:41 | Build | Stone Wall |
| 21:57 | Build | Stone Wall |
| 22:06 | Build | Stone Wall |
| 22:15 | Research | Castle Age |
| 22:25 | Build | Market |
| 23:21 | Build | Stable |
| 23:26 | Build | Stable |
| 23:47 | Build | Market |
| 24:26 | Research | Forging |
| 24:40 | Age | Castle Age |
| 24:42 | Build | Stable |
| 24:45 | Build | Stable |
| 24:52 | Research | Hand Cart |
| 24:55 | Research | Bow Saw |
| 25:03 | Research | Heavy Plow |
| 25:16 | Build | Stone Wall |
| 25:22 | Build | Building 490 |
| 25:30 | Research | Scale Barding Armor |
| 25:31 | Research | Scale Mail Armor |
| 26:05 | Build | Town Center |
| 26:09 | Create | Villager (Male) |
| 26:10 | Create | Villager (Male) |
| 26:10 | Create | Villager (Male) |
| 26:10 | Create | Villager (Male) |
| 26:11 | Create | Villager (Male) |
| 26:11 | Create | Villager (Male) |
| 26:39 | Build | Stone Wall |
| 26:44 | Build | Building 487 |
| 26:57 | Research | Caravan |
| 26:58 | Create | Trade Cart |
| 26:59 | Create | Trade Cart |
| 26:59 | Create | Trade Cart |
| 27:00 | Create | Trade Cart |
| 27:58 | Build | Castle |
| 28:18 | Build | Mining Camp |
| 28:32 | Build | Stone Wall |
| 28:38 | Build | Building 490 |
| 28:55 | Create | Villager (Male) |
| 28:55 | Create | Villager (Male) |
| 28:56 | Create | Villager (Male) |
| 28:56 | Create | Villager (Male) |
| 29:01 | Create | Villager (Male) |
| 29:01 | Create | Villager (Male) |
| 29:02 | Create | Villager (Male) |
| 29:02 | Create | Villager (Male) |
| 29:02 | Create | Villager (Male) |
| 29:03 | Create | Villager (Male) |
| 29:03 | Create | Villager (Male) |
| 29:18 | Build | Town Center |
| 29:27 | Research | Husbandry |
| 29:43 | Build | Farm |
| 29:44 | Build | Farm |
| 29:45 | Build | Farm |
| 29:47 | Build | Farm |
Build order — ChAp
First 150 of 485 actions detected
| 0:13 | Build | House |
| 0:15 | Build | House |
| 0:16 | Create | Villager (Male) |
| 0:16 | Create | Villager (Male) |
| 0:16 | Create | Villager (Male) |
| 0:16 | Create | Villager (Male) |
| 0:17 | Research | Loom |
| 1:12 | Build | House |
| 2:23 | Create | Villager (Male) |
| 2:23 | Create | Villager (Male) |
| 3:13 | Create | Villager (Male) |
| 4:03 | Create | Villager (Male) |
| 4:03 | Create | Villager (Male) |
| 4:03 | Create | Villager (Male) |
| 4:04 | Create | Villager (Male) |
| 4:06 | Create | Villager (Male) |
| 4:37 | Build | Lumber Camp |
| 4:50 | Create | Villager (Male) |
| 6:52 | Create | Villager (Male) |
| 6:52 | Create | Villager (Male) |
| 7:14 | Build | Mill |
| 7:29 | Build | Lumber Camp |
| 7:33 | Create | Villager (Male) |
| 7:33 | Create | Villager (Male) |
| 7:34 | Create | Villager (Male) |
| 7:42 | Build | House |
| 7:53 | Build | Farm |
| 8:21 | Build | Farm |
| 9:28 | Build | Barracks |
| 10:01 | Create | Villager (Male) |
| 10:02 | Create | Villager (Male) |
| 10:02 | Create | Villager (Male) |
| 10:20 | Build | Farm |
| 10:23 | Build | Farm |
| 10:26 | Build | Farm |
| 10:29 | Build | Farm |
| 10:36 | Build | Farm |
| 11:23 | Build | Mining Camp |
| 11:30 | Build | Mining Camp |
| 11:33 | Create | Villager (Male) |
| 11:33 | Create | Villager (Male) |
| 11:34 | Create | Villager (Male) |
| 11:42 | Build | House |
| 11:56 | Build | Farm |
| 12:02 | Build | Farm |
| 12:11 | Build | Farm |
| 12:36 | Build | Farm |
| 13:26 | Research | Feudal Age |
| 13:26 | Create | Villager (Male) |
| 13:27 | Create | Villager (Male) |
| 14:22 | Create | Villager (Male) |
| 14:23 | Create | Villager (Male) |
| 15:36 | Age | Feudal Age |
| 15:46 | Build | Stone Wall |
| 16:01 | Build | Stone Wall |
| 16:08 | Build | Building 490 |
| 16:21 | Research | Wheelbarrow |
| 16:22 | Create | Villager (Male) |
| 16:22 | Create | Villager (Male) |
| 16:24 | Research | Double-Bit Axe |
| 16:39 | Build | Market |
| 16:59 | Research | Town Watch |
| 17:01 | Create | Villager (Male) |
| 17:01 | Create | Villager (Male) |
| 17:12 | Build | Stable |
| 17:58 | Build | Blacksmith |
| 18:06 | Build | House |
| 18:08 | Build | House |
| 18:13 | Build | House |
| 18:14 | Build | House |
| 18:23 | Create | Villager (Male) |
| 18:44 | Build | Mill |
| 18:48 | Build | Farm |
| 19:07 | Build | Stable |
| 19:18 | Create | Villager (Male) |
| 19:18 | Create | Villager (Male) |
| 19:24 | Build | Farm |
| 19:50 | Build | Outpost |
| 20:19 | Build | Farm |
| 20:41 | Build | House |
| 20:48 | Build | Mining Camp |
| 20:55 | Create | Villager (Male) |
| 20:56 | Create | Villager (Male) |
| 20:56 | Create | Villager (Male) |
| 21:02 | Research | Castle Age |
| 21:15 | Build | Barracks |
| 21:19 | Create | Scout Cavalry |
| 21:19 | Create | Scout Cavalry |
| 21:19 | Create | Scout Cavalry |
| 21:20 | Create | Scout Cavalry |
| 21:42 | Build | Farm |
| 22:03 | Create | Villager (Male) |
| 22:03 | Create | Villager (Male) |
| 22:14 | Build | House |
| 22:18 | Build | House |
| 22:22 | Build | House |
| 22:26 | Build | House |
| 22:54 | Create | Scout Cavalry |
| 22:55 | Create | Scout Cavalry |
| 22:55 | Create | Scout Cavalry |
| 23:09 | Build | Stone Wall |
| 23:12 | Build | Stone Wall |
| 23:37 | Research | Scale Barding Armor |
| 23:53 | Age | Castle Age |
| 23:59 | Research | Pikeman (upgrade) |
| 24:05 | Research | Husbandry |
| 24:09 | Research | Light Cavalry (upgrade) |
| 24:59 | Research | Squires |
| 25:06 | Create | Knight |
| 25:07 | Create | Knight |
| 25:07 | Create | Knight |
| 25:08 | Research | Husbandry |
| 25:33 | Create | Villager (Male) |
| 25:34 | Create | Villager (Male) |
| 25:54 | Build | University |
| 26:12 | Build | Town Center |
| 26:17 | Research | Hand Cart |
| 26:38 | Build | Building 490 |
| 27:06 | Create | Knight |
| 27:07 | Create | Knight |
| 27:07 | Create | Knight |
| 27:12 | Create | Villager (Male) |
| 27:12 | Create | Villager (Male) |
| 27:20 | Build | Town Center |
| 27:32 | Create | Villager (Male) |
| 28:21 | Create | Knight |
| 28:21 | Create | Knight |
| 28:31 | Build | Siege Workshop |
| 28:47 | Create | Villager (Male) |
| 28:47 | Create | Villager (Male) |
| 28:47 | Create | Villager (Male) |
| 28:48 | Create | Villager (Male) |
| 28:48 | Create | Villager (Male) |
| 28:48 | Create | Villager (Male) |
| 28:52 | Build | House |
| 28:54 | Build | House |
| 28:57 | Build | House |
| 28:58 | Build | House |
| 28:59 | Build | House |
| 29:44 | Create | Villager (Male) |
| 29:44 | Create | Villager (Male) |
| 29:45 | Create | Villager (Male) |
| 29:45 | Create | Villager (Male) |
| 32:42 | Create | Villager (Male) |
| 32:42 | Create | Villager (Male) |
| 32:43 | Create | Villager (Male) |
| 32:47 | Build | House |
| 32:48 | Build | House |
| 32:51 | Build | House |
| 32:56 | Research | Murder Holes |
Build order — gabibozolan
First 150 of 405 actions detected
| 0:06 | Research | Loom |
| 0:09 | Create | Villager (Male) ×4 |
| 0:54 | Build | House |
| 0:55 | Build | House |
| 0:57 | Build | House |
| 0:58 | Build | House |
| 2:52 | Create | Villager (Male) |
| 2:53 | Create | Villager (Male) |
| 3:42 | Create | Villager (Male) |
| 3:46 | Create | Villager (Male) |
| 4:03 | Create | Villager (Male) |
| 4:37 | Create | Villager (Male) |
| 4:37 | Create | Villager (Male) |
| 4:52 | Build | Lumber Camp |
| 5:47 | Build | Mill |
| 5:56 | Create | Villager (Male) ×2 |
| 6:44 | Create | Villager (Male) ×3 |
| 7:12 | Build | Mining Camp |
| 7:31 | Create | Villager (Male) |
| 7:59 | Build | Mill |
| 8:09 | Create | Villager (Male) |
| 8:09 | Create | Villager (Male) |
| 9:02 | Create | Villager (Male) |
| 9:02 | Create | Villager (Male) |
| 9:05 | Create | Villager (Male) |
| 9:21 | Build | Mining Camp |
| 9:34 | Create | Villager (Male) |
| 9:36 | Create | Villager (Male) |
| 10:19 | Create | Villager (Male) |
| 11:24 | Build | House |
| 11:25 | Build | House |
| 11:27 | Build | House |
| 11:29 | Build | House |
| 11:34 | Build | House |
| 11:42 | Research | Feudal Age |
| 12:17 | Build | Mill |
| 13:52 | Age | Feudal Age |
| 13:57 | Research | Town Watch |
| 13:57 | Create | Villager (Male) ×4 |
| 14:02 | Research | Double-Bit Axe |
| 14:09 | Research | Horse Collar |
| 14:17 | Build | Farm |
| 14:19 | Build | Farm |
| 14:20 | Build | Farm |
| 14:21 | Build | Farm |
| 14:26 | Create | Villager (Male) ×2 |
| 14:57 | Build | Barracks |
| 15:18 | Create | Villager (Male) |
| 15:32 | Build | Blacksmith |
| 16:16 | Build | Stone Wall |
| 16:19 | Build | Stone Wall |
| 16:33 | Create | Villager (Male) ×2 |
| 16:44 | Create | Villager (Male) |
| 16:50 | Build | Stable |
| 16:58 | Build | Market |
| 17:07 | Build | Lumber Camp |
| 17:16 | Create | Villager (Male) |
| 17:39 | Create | Villager (Male) ×2 |
| 17:57 | Build | Farm |
| 17:58 | Build | Farm |
| 18:00 | Build | Farm |
| 18:01 | Build | Farm |
| 18:18 | Create | Villager (Male) |
| 18:21 | Create | Villager (Male) |
| 18:24 | Create | Villager (Male) |
| 18:28 | Create | Villager (Male) |
| 18:30 | Create | Villager (Male) |
| 18:33 | Create | Villager (Male) |
| 18:36 | Create | Villager (Male) |
| 18:39 | Create | Villager (Male) ×4 |
| 19:25 | Build | Farm |
| 19:26 | Build | Farm |
| 19:27 | Build | Farm |
| 19:29 | Build | Farm |
| 19:31 | Build | Farm |
| 19:37 | Create | Villager (Male) |
| 19:43 | Create | Villager (Male) |
| 19:45 | Create | Villager (Male) ×4 |
| 20:26 | Create | Villager (Male) |
| 20:29 | Create | Villager (Male) |
| 20:32 | Create | Villager (Male) |
| 20:35 | Create | Villager (Male) |
| 20:46 | Build | Building 490 |
| 21:05 | Build | Stone Wall |
| 21:06 | Build | Stone Wall |
| 21:16 | Create | Villager (Male) |
| 21:16 | Create | Villager (Male) |
| 21:30 | Build | Lumber Camp |
| 21:44 | Create | Villager (Male) |
| 21:47 | Create | Villager (Male) |
| 22:13 | Create | Villager (Male) |
| 22:33 | Build | Farm |
| 22:35 | Build | Farm |
| 22:46 | Create | Spearman |
| 22:47 | Create | Spearman |
| 22:54 | Create | Villager (Male) |
| 22:54 | Create | Villager (Male) |
| 22:59 | Create | Villager (Male) |
| 22:59 | Create | Villager (Male) |
| 23:03 | Create | Villager (Male) |
| 23:06 | Create | Villager (Male) |
| 23:14 | Build | Farm |
| 23:31 | Build | Building 673 |
| 23:45 | Create | Villager (Male) |
| 24:26 | Build | Stone Wall |
| 24:44 | Build | Stone Wall |
| 24:47 | Build | Stone Wall |
| 24:49 | Build | Stone Wall |
| 25:08 | Research | Castle Age |
| 25:16 | Build | Stone Wall |
| 25:19 | Build | Building 490 |
| 26:21 | Build | House |
| 26:26 | Build | House |
| 26:27 | Build | House |
| 26:28 | Build | House |
| 26:30 | Build | House |
| 26:31 | Build | House |
| 26:33 | Build | House |
| 26:36 | Build | House |
| 26:37 | Build | House |
| 26:38 | Build | House |
| 26:39 | Build | House |
| 27:45 | Build | Stone Wall |
| 27:48 | Age | Castle Age |
| 27:56 | Build | Mining Camp |
| 28:00 | Research | Wheelbarrow |
| 28:01 | Create | Villager (Male) ×5 |
| 28:04 | Research | Bow Saw |
| 28:06 | Research | Heavy Plow |
| 28:29 | Build | Monastery |
| 28:35 | Build | Town Center |
| 29:00 | Create | Villager (Male) ×5 |
| 29:19 | Build | Castle |
| 29:26 | Build | University |
| 29:35 | Create | Monk |
| 29:35 | Create | Monk |
| 29:51 | Research | Pikeman (upgrade) |
| 29:53 | Create | Spearman ×5 |
| 30:20 | Build | Watch Tower |
| 31:04 | Build | Watch Tower |
| 32:11 | Research | Hand Cart |
| 32:12 | Create | Villager (Male) ×5 |
| 32:54 | Create | Villager (Male) ×5 |
| 33:19 | Build | Farm |
| 33:20 | Build | Farm |
| 33:21 | Build | Farm |
| 33:44 | Build | Farm |
| 34:18 | Create | Trade Cart |
| 34:18 | Create | Trade Cart |
| 34:19 | Create | Trade Cart |
Build order — SNEL
First 150 of 608 actions detected
| 0:04 | Build | House |
| 0:05 | Build | House |
| 0:06 | Create | Villager (Male) |
| 0:06 | Create | Villager (Male) |
| 0:07 | Create | Villager (Male) |
| 0:07 | Create | Villager (Male) |
| 1:42 | Create | Villager (Male) |
| 1:54 | Build | Lumber Camp |
| 2:41 | Create | Villager (Male) |
| 2:41 | Create | Villager (Male) |
| 2:56 | Create | Villager (Male) |
| 3:09 | Create | Villager (Male) |
| 3:37 | Create | Villager (Male) |
| 4:04 | Create | Villager (Male) |
| 4:23 | Build | House |
| 5:26 | Create | Villager (Male) |
| 5:44 | Build | Mill |
| 6:23 | Create | Villager (Male) |
| 6:24 | Create | Villager (Male) |
| 6:38 | Build | House |
| 7:35 | Create | Villager (Male) |
| 8:11 | Research | Feudal Age |
| 8:29 | Build | Barracks |
| 8:33 | Build | House |
| 9:57 | Build | Mill |
| 10:11 | Build | House |
| 10:14 | Create | Villager (Male) |
| 10:14 | Create | Villager (Male) |
| 10:14 | Create | Villager (Male) |
| 10:21 | Age | Feudal Age |
| 10:30 | Research | Double-Bit Axe |
| 11:03 | Build | Mining Camp |
| 11:19 | Create | Villager (Male) |
| 11:19 | Create | Villager (Male) |
| 11:47 | Create | Villager (Male) |
| 12:00 | Create | Spearman |
| 12:00 | Create | Spearman |
| 12:00 | Create | Spearman |
| 12:46 | Build | Blacksmith |
| 12:50 | Create | Villager (Male) |
| 12:53 | Create | Villager (Male) |
| 13:27 | Create | Villager (Male) |
| 13:46 | Build | Stable |
| 13:59 | Create | Villager (Male) |
| 13:59 | Create | Villager (Male) |
| 14:10 | Build | Mill |
| 14:17 | Create | Villager (Male) |
| 14:39 | Build | House |
| 14:46 | Build | Palisade Wall |
| 14:59 | Build | House |
| 15:06 | Create | Villager (Male) |
| 15:36 | Build | Mill |
| 15:53 | Create | Spearman |
| 15:53 | Create | Spearman |
| 15:54 | Create | Spearman |
| 16:29 | Create | Villager (Male) |
| 16:29 | Create | Villager (Male) |
| 16:42 | Build | House |
| 17:17 | Create | Villager (Male) |
| 17:17 | Create | Villager (Male) |
| 17:22 | Build | Farm |
| 17:26 | Build | Farm |
| 17:34 | Research | Horse Collar |
| 17:55 | Research | Castle Age |
| 18:22 | Research | Horse Collar |
| 18:31 | Research | Gold Mining |
| 19:27 | Research | Bloodlines |
| 19:50 | Build | Market |
| 20:25 | Build | Lumber Camp |
| 20:35 | Age | Castle Age |
| 20:39 | Build | Town Center |
| 20:53 | Build | Town Center |
| 21:03 | Build | House |
| 21:04 | Build | House |
| 21:06 | Build | House |
| 21:21 | Create | Villager (Male) |
| 21:22 | Create | Villager (Male) |
| 21:22 | Create | Villager (Male) |
| 21:22 | Create | Villager (Male) |
| 21:23 | Create | Villager (Male) |
| 21:32 | Research | Stone Mining |
| 21:37 | Research | Bow Saw |
| 21:59 | Create | Villager (Male) |
| 21:59 | Create | Villager (Male) |
| 21:59 | Create | Villager (Male) |
| 22:12 | Build | Farm |
| 22:13 | Build | Farm |
| 22:14 | Build | Farm |
| 22:18 | Build | Farm |
| 22:23 | Create | Villager (Male) |
| 22:23 | Create | Villager (Male) |
| 22:34 | Create | Villager (Male) |
| 22:56 | Build | Farm |
| 22:58 | Create | Villager (Male) |
| 23:16 | Build | Mill |
| 23:46 | Create | Villager (Male) |
| 23:46 | Create | Villager (Male) |
| 23:46 | Create | Villager (Male) |
| 23:46 | Create | Villager (Male) |
| 23:59 | Create | Villager (Male) |
| 23:59 | Create | Villager (Male) |
| 24:16 | Create | Villager (Male) |
| 24:44 | Create | Villager (Male) |
| 24:44 | Create | Villager (Male) |
| 24:45 | Create | Villager (Male) |
| 24:45 | Create | Villager (Male) |
| 24:51 | Build | Farm |
| 24:52 | Build | Farm |
| 24:53 | Build | Farm |
| 25:26 | Create | Villager (Male) |
| 25:26 | Create | Villager (Male) |
| 25:28 | Create | Villager (Male) |
| 25:28 | Create | Villager (Male) |
| 25:28 | Create | Villager (Male) |
| 25:29 | Create | Villager (Male) |
| 26:19 | Build | Lumber Camp |
| 26:31 | Create | Villager (Male) |
| 26:32 | Create | Villager (Male) |
| 26:36 | Build | Farm |
| 26:42 | Build | Farm |
| 27:13 | Build | Castle |
| 27:21 | Create | Villager (Male) |
| 27:22 | Create | Villager (Male) |
| 27:23 | Create | Villager (Male) |
| 27:23 | Create | Villager (Male) |
| 27:24 | Create | Villager (Male) |
| 27:26 | Create | Villager (Male) |
| 27:26 | Create | Villager (Male) |
| 27:26 | Create | Villager (Male) |
| 28:04 | Build | House |
| 28:05 | Build | House |
| 28:06 | Build | House |
| 28:07 | Build | House |
| 28:08 | Build | House |
| 28:11 | Build | House |
| 28:15 | Create | Villager (Male) |
| 28:18 | Create | Villager (Male) |
| 28:18 | Create | Villager (Male) |
| 28:24 | Create | Villager (Male) |
| 28:24 | Create | Villager (Male) |
| 28:33 | Build | Mining Camp |
| 28:50 | Research | Wheelbarrow |
| 28:59 | Research | Town Watch |
| 28:59 | Create | Villager (Male) |
| 29:00 | Create | Villager (Male) |
| 29:00 | Create | Villager (Male) |
| 29:10 | Research | Loom |
| 29:11 | Create | Villager (Male) |
| 29:12 | Create | Villager (Male) |
| 29:12 | Create | Villager (Male) |
Build order — DGHIR | Empanada Manca
First 150 of 508 actions detected
| 0:16 | Build | House |
| 0:17 | Build | House |
| 0:19 | Build | House |
| 0:31 | Create | Villager (Male) ×4 |
| 2:25 | Create | Villager (Male) |
| 2:52 | Create | Villager (Male) |
| 3:08 | Build | Lumber Camp |
| 3:35 | Build | House |
| 3:42 | Build | House |
| 3:53 | Create | Villager (Male) ×2 |
| 4:02 | Research | Loom |
| 4:26 | Build | Palisade Wall |
| 4:32 | Build | Palisade Wall |
| 4:40 | Build | Palisade Wall |
| 5:22 | Build | Palisade Wall |
| 5:29 | Create | Villager (Male) |
| 7:02 | Create | Villager (Male) |
| 7:20 | Build | Mill |
| 8:01 | Build | Building 796 |
| 9:09 | Build | Palisade Wall |
| 9:22 | Build | Palisade Wall |
| 9:40 | Build | Palisade Wall |
| 9:59 | Create | Villager (Male) |
| 10:18 | Build | Mining Camp |
| 10:53 | Build | Palisade Wall |
| 11:18 | Research | Feudal Age |
| 13:28 | Age | Feudal Age |
| 13:53 | Create | Villager (Male) |
| 14:29 | Build | Farm |
| 14:31 | Build | Farm |
| 14:32 | Build | Farm |
| 14:36 | Build | Farm |
| 14:38 | Build | Farm |
| 14:40 | Build | Farm |
| 14:43 | Build | Farm |
| 15:01 | Build | Mill |
| 15:23 | Build | Barracks |
| 15:30 | Create | Villager (Male) |
| 16:10 | Build | House |
| 16:12 | Build | House |
| 16:13 | Build | House |
| 16:25 | Build | Stone Wall |
| 16:38 | Create | Villager (Male) |
| 16:39 | Create | Villager (Male) |
| 16:42 | Create | Villager (Male) |
| 16:43 | Create | Villager (Male) |
| 17:25 | Build | Lumber Camp |
| 18:36 | Build | Stone Wall |
| 19:40 | Build | Market |
| 19:46 | Create | Villager (Male) |
| 20:07 | Create | Villager (Male) |
| 20:17 | Create | Villager (Male) |
| 20:51 | Create | Villager (Male) |
| 20:52 | Create | Villager (Male) |
| 21:15 | Build | House |
| 21:30 | Create | Spearman |
| 22:15 | Build | Mining Camp |
| 22:21 | Create | Villager (Male) |
| 22:22 | Create | Villager (Male) |
| 22:22 | Create | Villager (Male) |
| 22:22 | Create | Villager (Male) |
| 22:24 | Create | Villager (Male) |
| 22:26 | Create | Villager (Male) |
| 23:29 | Build | Building 796 |
| 24:16 | Build | Archery Range |
| 24:27 | Build | Stone Wall |
| 24:32 | Build | Stone Wall |
| 24:41 | Build | Stone Wall |
| 24:50 | Build | Stone Wall |
| 24:54 | Build | Stone Wall |
| 24:57 | Build | Stone Wall |
| 25:01 | Build | Stone Wall |
| 25:18 | Research | Castle Age |
| 25:23 | Create | Eagle Scout |
| 25:23 | Create | Eagle Scout |
| 25:23 | Create | Eagle Scout |
| 25:23 | Create | Eagle Scout |
| 25:24 | Create | Eagle Scout |
| 25:24 | Create | Eagle Scout |
| 25:24 | Create | Eagle Scout |
| 25:45 | Research | Arson |
| 26:07 | Create | Trade Cart |
| 26:10 | Create | Trade Cart |
| 27:58 | Age | Castle Age |
| 28:08 | Create | Villager (Male) |
| 28:09 | Create | Villager (Male) |
| 28:26 | Build | Town Center |
| 28:40 | Build | Farm |
| 29:07 | Build | Farm |
| 29:10 | Create | Villager (Male) |
| 30:20 | Build | University |
| 30:52 | Build | Stone Wall |
| 31:10 | Create | Villager (Male) |
| 31:11 | Create | Villager (Male) |
| 31:12 | Create | Villager (Male) |
| 31:13 | Create | Villager (Male) |
| 31:14 | Create | Villager (Male) |
| 31:17 | Create | Villager (Male) |
| 31:17 | Create | Villager (Male) |
| 31:17 | Create | Villager (Male) |
| 31:26 | Research | Horse Collar |
| 31:47 | Build | Farm |
| 32:12 | Build | Farm |
| 32:39 | Build | Farm |
| 33:02 | Build | Farm |
| 34:17 | Build | Castle |
| 34:55 | Build | Stone Wall |
| 35:20 | Build | Building 673 |
| 35:43 | Create | Villager (Male) |
| 35:44 | Create | Villager (Male) |
| 35:50 | Research | Wheelbarrow |
| 36:06 | Create | Spearman |
| 37:04 | Build | University |
| 37:10 | Build | Mining Camp |
| 37:18 | Build | House |
| 37:19 | Build | House |
| 37:19 | Build | House |
| 37:19 | Build | House |
| 37:20 | Build | House |
| 37:20 | Build | House |
| 37:20 | Build | House |
| 37:21 | Build | House |
| 37:21 | Build | House |
| 37:22 | Build | House |
| 37:23 | Build | House |
| 37:24 | Build | House |
| 37:24 | Build | House |
| 37:25 | Build | House |
| 37:25 | Build | House |
| 37:25 | Build | House |
| 37:26 | Build | House |
| 37:26 | Build | House |
| 37:27 | Build | House |
| 37:27 | Build | House |
| 37:50 | Build | Stone Wall |
| 38:01 | Create | Villager (Male) ×5 |
| 38:02 | Create | Villager (Male) ×5 |
| 38:03 | Create | Villager (Male) ×5 |
| 38:12 | Research | Imperial Age |
| 38:16 | Create | Jaguar Warrior |
| 38:16 | Create | Jaguar Warrior |
| 38:17 | Create | Jaguar Warrior |
| 38:17 | Create | Jaguar Warrior |
| 38:17 | Create | Jaguar Warrior |
| 38:17 | Create | Jaguar Warrior |
| 38:17 | Create | Jaguar Warrior |
| 38:18 | Create | Jaguar Warrior |
| 38:18 | Create | Jaguar Warrior |
| 38:18 | Create | Jaguar Warrior |
| 38:18 | Create | Jaguar Warrior |
Match timeline
| 4:26 | DGHIR | Empanada Manca · wall_segment Palisade Wall x3 |
| 4:32 | DGHIR | Empanada Manca · wall_segment Palisade Wall x6 |
| 4:40 | DGHIR | Empanada Manca · wall_segment Palisade Wall x7 |
| 5:22 | DGHIR | Empanada Manca · wall_segment Palisade Wall x3 |
| 8:29 | SNEL · first_building Barracks |
| 9:01 | Neoikana · first_building Barracks |
| 9:09 | DGHIR | Empanada Manca · wall_segment Palisade Wall x7 |
| 9:15 | Tatycomendo · first_building Donjon |
| 9:22 | DGHIR | Empanada Manca · wall_segment Palisade Wall x7 |
| 9:28 | ChAp · first_building Barracks |
| 9:40 | DGHIR | Empanada Manca · wall_segment Palisade Wall x11 |
| 10:21 | SNEL · age_up feudal |
| 10:51 | Neoikana · age_up feudal |
| 10:53 | DGHIR | Empanada Manca · wall_segment Palisade Wall x1 |
| 12:20 | robertosminor89 · age_up feudal |
| 12:26 | Hollowchair · age_up feudal |
| 13:06 | Tatycomendo · first_building Barracks |
| 13:28 | DGHIR | Empanada Manca · age_up feudal |
| 13:46 | SNEL · first_building Stable |
| 13:52 | gabibozolan · age_up feudal |
| 14:37 | robertosminor89 · wall_segment Stone Wall x6 |
| 14:46 | SNEL · wall_segment Palisade Wall x1 |
| 14:57 | gabibozolan · first_building Barracks |
| 15:19 | robertosminor89 · wall_segment Stone Wall x15 |
| 15:23 | DGHIR | Empanada Manca · first_building Barracks |
| 15:36 | ChAp · age_up feudal |
| 15:40 | Tatycomendo · age_up feudal |
| 15:46 | ChAp · wall_segment Stone Wall x1 |
| 16:01 | ChAp · wall_segment Stone Wall x17 |
| 16:16 | gabibozolan · wall_segment Stone Wall x21 |
| 16:19 | gabibozolan · wall_segment Stone Wall x3 |
| 16:25 | DGHIR | Empanada Manca · wall_segment Stone Wall x13 |
| 16:50 | gabibozolan · first_building Stable |
| 17:09 | Tatycomendo · wall_segment Stone Wall x23 |
| 17:10 | robertosminor89 · wall_segment Stone Wall x8 |
| 17:12 | ChAp · first_building Stable |
| 17:20 | Hollowchair · first_market_sell 100 wood |
| 17:23 | Hollowchair · first_market_buy 100 food |
| 17:33 | robertosminor89 · wall_segment Stone Wall x10 |
| 18:36 | DGHIR | Empanada Manca · wall_segment Stone Wall x1 |
| 18:47 | Neoikana · first_building Stable |
| 19:59 | robertosminor89 · first_building Barracks |
| 20:08 | Hollowchair · age_up castle |
| 20:35 | SNEL · age_up castle |
| 21:05 | gabibozolan · wall_segment Stone Wall x9 |
| 21:06 | gabibozolan · wall_segment Stone Wall x6 |
| 21:09 | robertosminor89 · first_building Archery Range |
| 21:41 | robertosminor89 · wall_segment Stone Wall x7 |
| 21:46 | Hollowchair · first_building Monastery |
| 21:57 | robertosminor89 · wall_segment Stone Wall x12 |
| 22:00 | Tatycomendo · wall_segment Stone Wall x15 |
| 22:06 | robertosminor89 · wall_segment Stone Wall x10 |
| 22:55 | Hollowchair · first_building Barracks |
| 23:09 | ChAp · wall_segment Stone Wall x11 |
| 23:12 | ChAp · wall_segment Stone Wall x11 |
| 23:13 | Neoikana · age_up castle |
| 23:21 | robertosminor89 · first_building Stable |
| 23:53 | ChAp · age_up castle |
| 24:04 | Hollowchair · first_building Stable |
| 24:16 | DGHIR | Empanada Manca · first_building Archery Range |
| 24:26 | gabibozolan · wall_segment Stone Wall x13 |
| 24:27 | DGHIR | Empanada Manca · wall_segment Stone Wall x14 |
| 24:32 | DGHIR | Empanada Manca · wall_segment Stone Wall x12 |
| 24:40 | robertosminor89 · age_up castle |
| 24:41 | DGHIR | Empanada Manca · wall_segment Stone Wall x10 |
| 24:44 | gabibozolan · wall_segment Stone Wall x1 |
| 24:47 | gabibozolan · wall_segment Stone Wall x10 |
| 24:49 | gabibozolan · wall_segment Stone Wall x1 |
| 24:50 | DGHIR | Empanada Manca · wall_segment Stone Wall x1 |
| 24:54 | DGHIR | Empanada Manca · wall_segment Stone Wall x1 |
| 24:57 | DGHIR | Empanada Manca · wall_segment Stone Wall x1 |
| 25:01 | DGHIR | Empanada Manca · wall_segment Stone Wall x1 |
| 25:16 | gabibozolan · wall_segment Stone Wall x1 |
| 25:16 | robertosminor89 · wall_segment Stone Wall x12 |
| 25:34 | Tatycomendo · first_building Archery Range |
| 26:05 | DGHIR | Empanada Manca · first_market_sell 100 wood |
| 26:39 | robertosminor89 · wall_segment Stone Wall x13 |
| 27:00 | SNEL · first_market_buy 100 stone |
| 27:13 | SNEL · first_building Castle |
| 27:34 | Tatycomendo · wall_segment Stone Wall x37 |
| 27:45 | gabibozolan · wall_segment Stone Wall x10 |
| 27:48 | gabibozolan · age_up castle |
| 27:57 | Neoikana · first_building Siege Workshop |
| 27:58 | robertosminor89 · first_building Castle |
| 27:58 | DGHIR | Empanada Manca · age_up castle |
| 28:06 | Hollowchair · first_building Castle |
| 28:08 | Neoikana · first_building Monastery |
| 28:29 | gabibozolan · first_building Monastery |
| 28:31 | ChAp · first_building Siege Workshop |
| 28:32 | robertosminor89 · wall_segment Stone Wall x19 |
| 28:41 | Tatycomendo · wall_segment Stone Wall x2 |
| 29:19 | gabibozolan · first_building Castle |
| 30:17 | Tatycomendo · first_building Stable |
| 30:52 | DGHIR | Empanada Manca · wall_segment Stone Wall x13 |
| 31:50 | robertosminor89 · wall_segment Stone Wall x12 |
| 32:13 | Neoikana · age_up imperial |
| 32:56 | robertosminor89 · wall_segment Stone Wall x12 |
| 33:33 | Neoikana · first_building Castle |
| 33:43 | Tatycomendo · age_up castle |
| 34:03 | Hollowchair · wall_segment Stone Wall x28 |
| 34:09 | DGHIR | Empanada Manca · first_market_buy 100 stone |
| 34:17 | DGHIR | Empanada Manca · first_building Castle |
| 34:20 | gabibozolan · first_market_sell 100 wood |
| 34:22 | Hollowchair · age_up imperial |
| 34:55 | DGHIR | Empanada Manca · wall_segment Stone Wall x6 |
| 35:35 | robertosminor89 · wall_segment Stone Wall x12 |
| 36:11 | ChAp · first_building Castle |
| 36:26 | robertosminor89 · first_building Monastery |
| 36:33 | gabibozolan · wall_segment Stone Wall x9 |
| 36:39 | gabibozolan · wall_segment Stone Wall x12 |
| 37:50 | DGHIR | Empanada Manca · wall_segment Stone Wall x11 |
| 37:53 | Tatycomendo · wall_segment Stone Wall x17 |
| 38:20 | gabibozolan · first_market_buy 100 stone |
| 38:27 | Hollowchair · wall_segment Stone Wall x47 |
| 38:52 | ChAp · age_up imperial |
| 39:12 | gabibozolan · age_up imperial |
| 40:20 | gabibozolan · first_building Siege Workshop |
| 40:37 | SNEL · first_building Monastery |
| 40:38 | DGHIR | Empanada Manca · wall_segment Stone Wall x11 |
| 41:22 | DGHIR | Empanada Manca · age_up imperial |
| 42:12 | robertosminor89 · age_up imperial |
| 42:32 | ChAp · wall_segment Stone Wall x1 |
| 43:01 | Tatycomendo · wall_segment Stone Wall x3 |
| 43:07 | ChAp · wall_segment Stone Wall x2 |
| 43:08 | ChAp · wall_segment Stone Wall x1 |
| 43:13 | SNEL · age_up imperial |
| 43:21 | ChAp · wall_segment Stone Wall x3 |
| 43:23 | ChAp · wall_segment Stone Wall x1 |
| 45:11 | Tatycomendo · first_building Castle |
| 45:19 | Hollowchair · wall_segment Stone Wall x3 |
| 45:28 | Hollowchair · wall_segment Stone Wall x37 |
| 49:16 | Tatycomendo · first_building Siege Workshop |
| 49:30 | DGHIR | Empanada Manca · wall_segment Stone Wall x1 |
| 49:45 | Neoikana · tribute_sent a jugador 2 |
| 49:45 | Neoikana · tribute_sent a jugador 3 |
| 49:45 | Neoikana · tribute_sent a jugador 4 |
| 49:45 | Neoikana · tribute_sent a jugador 5 |
| 49:45 | Neoikana · tribute_sent a jugador 6 |
| 49:45 | Neoikana · tribute_sent a jugador 7 |
| 49:45 | Neoikana · tribute_sent a jugador 8 |
| 50:07 | Hollowchair · first_building Siege Workshop |
| 50:34 | Hollowchair · wall_segment Stone Wall x3 |
| 50:37 | Hollowchair · wall_segment Stone Wall x9 |
| 50:39 | DGHIR | Empanada Manca · wall_segment Stone Wall x7 |
| 50:40 | Hollowchair · wall_segment Stone Wall x2 |
| 50:45 | Hollowchair · wall_segment Stone Wall x10 |
| 50:46 | Tatycomendo · wall_segment Stone Wall x1 |
| 52:17 | robertosminor89 · first_building Siege Workshop |
| 52:36 | Tatycomendo · age_up imperial |
| 53:41 | Tatycomendo · wall_segment Stone Wall x1 |
| 54:58 | Hollowchair · wall_segment Stone Wall x3 |
| 55:05 | Hollowchair · wall_segment Stone Wall x43 |
| 55:19 | Hollowchair · wall_segment Stone Wall x9 |
| 55:23 | Hollowchair · wall_segment Stone Wall x6 |
| 57:34 | robertosminor89 · first_market_sell 100 wood |
| 57:59 | DGHIR | Empanada Manca · first_building Siege Workshop |
| 64:10 | gabibozolan · wall_segment Stone Wall x6 |
| 65:27 | DGHIR | Empanada Manca · wall_segment Stone Wall x1 |
| 65:37 | DGHIR | Empanada Manca · wall_segment Stone Wall x1 |
| 68:09 | Tatycomendo · wall_segment Stone Wall x15 |
| 68:46 | gabibozolan · resign |
| 70:14 | robertosminor89 · wall_segment Stone Wall x6 |
| 72:14 | robertosminor89 · wall_segment Stone Wall x5 |
| 73:46 | robertosminor89 · first_market_buy 100 stone |
[ AI ANALYSIS · 1 CREDIT ]
What really happened in this match?
Wolo.gg analyzes every decision: build order, eco, micro, common mistakes by bracket. Personalized analysis on WhatsApp or Discord in 30 seconds.
Civ guide
Sicilians
Map guide
Mountain Ridge
Perfil
Jugador #26321